 Dungeon Crawl Stone Soup version 0.30-a0-222-ge547ba4400 (webtiles) character file.

Game seed: 8839055527082093760

149 jt the Skirmisher (level 5, -2/29 HPs)
             Began as a Deep Elf Hunter on Oct 8, 2022.
             Was a High Priest of Ignis.
             Killed by divine providence
             ... invoked by an orc priest
              (13 damage)
             ... on level 3 of the Dungeon.
             The game lasted 00:04:02 (2009 turns).

jt the Skirmisher (Deep Elf Hunter)                 Turns: 2009, Time: 00:04:07

Health: -2/29      AC:  5    Str:  8    XL:     5   Next: 9%
Magic:  7/7        EV: 13    Int: 14    God:    Ignis [*****.]
Gold:   171        SH:  0    Dex: 20    Spells: 4/4 levels left

rFire   + . .      SeeInvis +    a - +0 shortbow
rCold   . . .      Faith    .    (shield currently unavailable)
rNeg    . . .      Spirit   .    k - +1 animal skin
rPois   .          Reflect  .    l - +1 helmet {SInv}
rElec   .          Harm     .    (no cloak)
rCorr   .          Rampage  .    (no gloves)
Will    +....                    (no boots)
Stlth   ++........               (no amulet)
HPRegen 0.24/turn                e - ring of willpower
MPRegen 0.10/turn                (no ring)

@: no status effects
A: no striking features
a: Renounce Religion, Fiery Armour, Foxfire Swarm, Rising Flame


You were on level 3 of the Dungeon.
You worshipped Ignis.
Ignis was extremely pleased with you.
You visited 1 branch of the dungeon, and saw 3 of its levels.

You collected 171 gold pieces.

Inventory:

Hand Weapons
 a - a +0 shortbow (weapon)
 j - a +2 dagger of distortion
 p - a +0 glaive
 u - a +2 whip of holy wrath
 v - a +0 spear
Armour
 c - a +0 leather armour
 k - a +1 animal skin (worn)
 l - a +1 helmet of see invisible (worn)
 m - a +0 buckler
Jewellery
 e - a ring of willpower (left hand)
 h - an amulet of faith
Scrolls
 b - a scroll of immolation
 d - a scroll of acquirement {unknown}
 i - a scroll of brand weapon {unknown}
 n - 2 scrolls of identify {unknown}
 q - a scroll of fog {unknown}
 r - 2 scrolls of amnesia {unknown}
 s - 4 scrolls of fear {unknown}
Potions
 f - a potion of lignification {unknown}
 g - a potion of berserk rage {unknown}
 o - a potion of resistance {unknown}
 t - a potion of attraction {unknown}


   Skills:
 - Level 1.5 Fighting
 + Level 8.5 Ranged Weapons
 - Level 2.4 Dodging
 - Level 1.2 Stealth


You had 4 spell levels left.
You didn't know any spells.
Your spell library was empty.

Dungeon Overview and Level Annotations

Branches:
Dungeon (3/15)

Altars:
Ignis

Annotations:
D:3 exclusion: orc priest


Message History

Unknown command.
You climb downwards.
Level annotation: exclusion: orc priest
There is a stone staircase leading up here.
HP restored.
An orc priest and 2 orcs come into view.
The orc priest shouts!
You hear a shout!
The orc shouts!
You hear a shout! x2
An orc comes into view. It is wielding a +0 flail.
You hear a shout!
You hear a shout! x2; You hear an angry hiss.
You hear a shout!
You shoot an arrow. The arrow hits the orc!
You kill the orc!
You shoot an arrow. The arrow hits the orc.
The orc is almost dead.
You shoot an arrow. The arrow hits the orc!
You kill the orc!
An orc priest comes into view. It is wielding a +0 dagger.
You shoot an arrow. The arrow barely misses the orc priest.
You shoot an arrow. The arrow hits the orc priest.
The orc priest is moderately wounded.
The orc priest calls down the wrath of Beogh upon you.
You resist with some effort.
You shoot an arrow. The arrow barely misses the orc priest.
You shoot an arrow. The arrow hits the orc priest!
The orc priest is almost dead.
The orc priest hits you with a +0 dagger.
You shoot an arrow.
The arrow hits the orc priest but does no damage.
The orc priest is almost dead.
The orc priest calls down the wrath of Beogh upon you.
Pain shoots through your body!
You shoot an arrow. The arrow barely misses the orc priest.
The arrow hits the orc priest!
The orc priest is severely wounded.
The orc priest calls down the wrath of Beogh upon you.
Pain shoots through your body!
The orc priest invokes the aid of Beogh against you.
Beogh smites you!
You die...

###
#.#############
#..oo@........#
#.###########.#
#.# #...# #)#
#.### #.# #.#
#.#
#.########.#
#o#
#..........#
#.#
#......###.#
..# ##.##.#..#


You could see 2 orc priests.

Vanquished Creatures
  A hound (D:3)
  Robin (D:2)
  4 gnolls (D:3)
  A worm (D:2)
  3 orcs
  6 ball pythons
  6 endoplasms
  2 giant cockroaches
  11 goblins
  9 hobgoblins
  2 jackals (D:2)
  2 kobolds
  4 bats
  2 frilled lizards
  4 rats
58 creatures vanquished.

Vanquished Creatures (others)
  A plant (D:1)
1 creature vanquished.

Grand Total: 59 creatures vanquished

Notes
Turn   | Place    | Note
-------+----------+-------------------------------------------
     0 | D:1      | jt the Deep Elf Hunter began the quest for the Orb.
     0 | D:1      | Reached XP level 1. HP: 12/12 MP: 3/3
   560 | D:1      | Reached XP level 2. HP: 16/16 MP: 4/4
   562 | D:1      | Reached skill level 6 in Ranged Weapons
   764 | D:1      | Found a faded altar of an unknown god.
   786 | D:1      | Prayed at the altar of an unknown god.
   786 | D:1      | Became a worshipper of Ignis, the Dying Flame
   937 | D:2      | Noticed Robin
   941 | D:2      | Killed Robin
   947 | D:2      | Reached XP level 3. HP: 20/20 MP: 5/5
  1110 | D:2      | Reached skill level 7 in Ranged Weapons
  1344 | D:2      | You fall into a shaft and drop 1 floor!
  1665 | D:3      | Reached XP level 4. HP: 23/25 MP: 6/6
  1852 | D:3      | Reached skill level 8 in Ranged Weapons
  1917 | D:3      | Reached XP level 5. HP: 22/29 MP: 7/7
  2009 | D:3      | Killed from afar by an orc priest

Illustrated notes

Levels and vault maps discovered:
D:1:      minmay_arrival_widening_spiral_narrow, layout_loops_ring,
          shapermc_ecumenical_altar_ellora
D:2:      layout_basic, st_stairs_2, uniq_robin
D:3:      layout_basic, okawaru_trees_2, yredelemnul_forgotten_temple_becter,
          uniq_jessica

Skill      XL: |  1  2  3  4 |
---------------+-------------+-----
Ranged Weapons | 6 7 8 |  8.5
Fighting       | |  1.5
Dodging        | |  2.4
Stealth        | |  1.2

Action                   |  1- 3 |  4- 6 || total
-------------------------+-------+-------++-------
 Fire: Shortbow          |    89 |    48 ||   137
Armor: Animal skin       |     8 |     5 ||    13
Dodge: Dodged            |    28 |    10 ||    38

Table legend: (Time is in decaauts)
 A = Elapsed time spent in this place.
 B = Non-inter-level travel time spent in this place.
 C = Inter-level travel time spent in this place.
 D = Time resting spent in this place.
 E = Time spent auto-exploring this place.
 F = Levels seen in this place.
 G = Mean time per level.
                   A        B        C        D        E       F      G
               +--------+--------+--------+--------+--------+-----+--------+
         Total |   2031 |   1956 |     75 |     76 |   1403 |   3 |  677.0 |
       Dungeon |   2031 |   1956 |     75 |     76 |   1403 |   3 |  677.0 |
               +--------+--------+--------+--------+--------+-----+--------+

Top non-repeatable levels by time:
     D:1: 941 daAuts
     D:2: 721 daAuts
     D:3: 368 daAuts
